 Dungeon Crawl Stone Soup version 0.19.0-24-gb05acd6 (webtiles) character file.

676 Firecrotchwizard the Cleaver (level 7, 0/61 HPs)
             Began as a Hill Orc Fighter on Nov 22, 2016.
             Was a Follower of Okawaru.
             Killed by divine providence
             ... invoked by an orc priest
              (12 damage)
             ... on level 4 of the Dungeon.
             The game lasted 00:07:52 (3951 turns).

Firecrotchwizard the Cleaver (Hill Orc Fighter)     Turns: 3951, Time: 00:07:53

Health: 0/61       AC:  7    Str: 20    XL:     7   Next: 60%
Magic:  7/7        EV:  7    Int:  8    God:    Okawaru [*.....]
Gold:   129        SH: 11    Dex: 11    Spells: 0 memorised, 6 levels left

rFire  . . .     SeeInvis .     a - +0 war axe
rCold  . . .     Gourm    .     b - +0 scale mail
rNeg   . . .     Faith    .     c - +1 shield
rPois  .         Spirit   .     (no helmet)
rElec  .         Reflect  .     (no cloak)
rCorr  .         Harm     .     (no gloves)
MR     .....                    (no boots)
Stlth  ..........               (no amulet)
                                (no ring)
                                (no ring)

@: no status effects
A: no striking features
a: Heroism, Renounce Religion, Convert to Beogh


You were on level 4 of the Dungeon.
You worshipped Okawaru.
Okawaru was aware of your devotion.
You were not hungry.

You visited 1 branch of the dungeon, and saw 4 of its levels.

You collected 129 gold pieces.

Inventory:

Hand Weapons
 a - a +0 war axe (weapon)
Armour
 b - a +0 scale mail (worn)
 c - a +1 shield (worn)
Wands
 o - a wand of slowing (25/48)
Scrolls
 h - a scroll of immolation
 j - a scroll of remove curse
 k - a scroll of teleportation
Potions
 d - 3 potions of might
 e - 2 potions of curing
 i - a potion of degeneration {unknown}
 l - 2 potions of lignification
 m - 2 potions of haste
 p - a potion of mutation {unknown}
 q - 2 potions of flight {unknown}
Books
 r - a book of Air

   Spells                             Type                      Level
   a - Shock                          Conjuration/Air              1
   b - Swiftness                      Charms/Air                   2
   c - Repel Missiles                 Charms/Air                   2
   d - Static Discharge               Conjuration/Air              3
   e - Lightning Bolt                 Conjuration/Air              5
Comestibles
 f - 3 bread rations


   Skills:
 * Level 5.4 Fighting
 * Level 8.0 Axes
 + Level 4.2 Armour
 + Level 0.3 Stealth
 + Level 5.0 Shields


You had 6 spell levels left.
You didn't know any spells.

Dungeon Overview and Level Annotations

Branches:
Dungeon (4/15)
 Temple: D:4-7

Altars:
Okawaru
Trog


Message History

You kill the orc!
Okawaru accepts your kill.
You hit the orc priest.
The orc priest is moderately wounded.
The orc priest hits you with a club.
You barely miss the orc priest.
The orc priest is moderately wounded.
The orc priest mumbles some strange prayers to Beogh against you.
Beogh smites you!
* * * LOW HITPOINT WARNING * * *
You closely miss the orc priest.
The orc priest is moderately wounded.
The orc priest hits you with a club.
* * * LOW HITPOINT WARNING * * *
Your shield and scale mail prevent you from hitting the orc priest.
The orc priest is moderately wounded.
The orc priest hits you but does no damage.
The orc priest invokes the aid of Beogh against you.
Beogh smites you!
You die...

***,*****,* #.......#
*,,,,,,**.# #.......#
*.,,,,,*#.# #.......#
*..,,,,*#.# #.......#
*...,,,*#.# #.......#
*....,,*#.# #......(###
*.?...,*#.# ##....##...
*(.....##.######....##...
*..>..(o@...........'....
*......##.######....##...
*.....,*#.# #######...
#####***#.# #######'#
#...# #.# #........
#...#####.##### #........
#...##........# #........
#...##........###.......†
#...##).......##...#####.


You could see an orc priest.

Vanquished Creatures
  An ogre (D:4)
  2 phantoms
  2 scorpions (D:4)
  A hound (D:4)
  An orc priest (D:4)
  3 orc wizards (D:4)
  2 gnolls (D:2)
  4 adders
  4 oozes
  A worm (D:3)
  3 dart slugs
  3 leopard geckos
  12 orcs
  2 ball pythons
  14 bats
  2 giant cockroaches
  13 goblins
  5 hobgoblins
  3 quokkas
  4 frilled lizards
  8 kobolds
  A leopard gecko skeleton (D:3)
  2 quokka skeletons (D:4)
  9 rats
102 creatures vanquished.

Notes
Turn   | Place    | Note
-------+----------+-------------------------------------------
     0 | D:1      | Firecrotchwizard the Hill Orc Fighter began the quest for the Orb.
     0 | D:1      | Reached XP level 1. HP: 19/19 MP: 1/1
    36 | D:1      | Reached XP level 2. HP: 27/27 MP: 2/2
    97 | D:1      | Reached skill level 3 in Axes
   218 | D:1      | Reached XP level 3. HP: 29/33 MP: 3/3
  1029 | D:2      | Reached skill level 4 in Axes
  1029 | D:2      | Reached XP level 4. HP: 36/40 MP: 4/4
  1305 | D:2      | Found a bloodstained altar of Trog.
  1337 | D:2      | Found an iron altar of Okawaru.
  1358 | D:2      | Became a worshipper of Warmaster Okawaru
  1921 | D:3      | Found a faded altar of an unknown god.
  1981 | D:3      | Noticed a phantom
  1993 | D:3      | Reached XP level 5. HP: 40/46 MP: 5/5
  2051 | D:3      | Killed a phantom
  2051 | D:3      | Reached skill level 5 in Axes
  2639 | D:4      | Reached XP level 6. HP: 51/53 MP: 6/6
  2650 | D:4      | Reached skill level 6 in Axes
  2664 | D:4      | Reached * piety under Okawaru
  3153 | D:4      | Reached skill level 5 in Fighting
  3153 | D:4      | Reached skill level 7 in Axes
  3153 | D:4      | Reached XP level 7. HP: 61/61 MP: 7/7
  3648 | D:4      | Reached skill level 5 in Shields
  3945 | D:4      | Reached skill level 8 in Axes
  3951 | D:4      | Killed from afar by an orc priest

Skill      XL: |  1  2  3  4  5  6  7 |
---------------+----------------------+-----
Axes           | 3 4 5 7 8 |  8.0
Shields        | 4 5 |  5.0
Fighting       | 4 5 |  5.4
Armour         | 4 |  4.2
Stealth        | |  0.3

Action                   |  1- 3 |  4- 6 |  7- 9 || total
-------------------------+-------+-------+-------++-------
Melee: War axe           |    98 |   181 |    85 ||   364
  Use: Scroll            |       |     6 |     2 ||     8
       Potion            |       |       |     1 ||     1
  Eat: Chunk             |       |     3 |     1 ||     4
       Meat ration       |       |     1 |     1 ||     2
Armor: Scale mail        |    66 |    80 |    22 ||   168
Dodge: Dodged            |    32 |    55 |    19 ||   106
Block: Shield            |    60 |    91 |    36 ||   187
